 Dungeon Crawl Stone Soup version 0.21-a0-210-gbfa5647 (webtiles) character file.

141 CotterCat the Charmwright (level 5, -8/38 HPs)
             Began as a Vampire Skald on Aug 21, 2017.
             Was an Initiate of Sif Muna.
             Killed by divine providence
             ... invoked by an orc priest
              (12 damage)
             ... on level 4 of the Dungeon.
             The game lasted 00:29:58 (4519 turns).

CotterCat the Charmwright (Vampire Skald)           Turns: 4519, Time: 00:29:59

Health: -8/38      AC:  0    Str: 10    XL:     5   Next: 3%
Magic:  8/8        EV: 12    Int: 15    God:    Sif Muna [......]
Gold:   198        SH:  4    Dex: 15    Spells: 7/8 levels left

rFire    . . .     SeeInvis +   x - +2 dagger (drain)
rCold    . . .     Gourm    .   y - +0 buckler
rNeg     + . .     Faith    .   (no armour)
rPois    .         Spirit   .   (no helmet)
rElec    .         Reflect  .   (no cloak)
rCorr    .         Harm     .   (no gloves)
MR       .....                  (no boots)
Stlth    +.........             (no amulet)
HPRegen  0.12/turn              (no ring)
MPRegen  0.11/turn              (no ring)

@: no status effects
A: fangs 3, see invisible, unbreathing
a: Bat Form, Renounce Religion


You were on level 4 of the Dungeon.
You worshipped Sif Muna.
Sif Muna was noncommittal.
You were not thirsty.

You visited 1 branch of the dungeon, and saw 4 of its levels.

You collected 198 gold pieces.

Inventory:

Hand Weapons
 a - a +0 falchion
 j - a +0 blowgun
 w - a +0 club
 x - a +2 dagger of draining (weapon)
 A - a +0 flail
 C - a +0 mace
 K - a +0 war axe
 R - a +0 hunting sling
Missiles
 k - 115 stones (quivered)
 v - 48 bolts
 B - 33 poisoned needles
 H - 13 arrows
Armour
 e - a +0 robe
 f - a +0 chain mail {Stab Here.}
 n - a +0 robe
 s - a +0 plate armour
 y - a +0 buckler (worn)
 D - a +0 leather armour
Magical Staves
 h - an uncursed staff of cold {unknown}
Scrolls
 m - a scroll of fog {unknown}
 o - 2 scrolls of immolation {unknown}
 q - 4 scrolls of teleportation {unknown}
 r - 2 scrolls of identify {unknown}
 t - a scroll of amnesia {unknown}
 F - a scroll of magic mapping {unknown}
Potions
 b - a potion of haste {unknown}
 d - 15 potions of blood
 g - a potion of flight {unknown}
 l - a potion of degeneration {unknown}
 p - a potion of agility {unknown}
 u - 2 potions of resistance {unknown}
 M - 2 potions of ambrosia {unknown}
 V - 2 potions of lignification {unknown}
Books
 c - a book of Battle

   Spells                             Type                      Level
   a - Infusion                       Charms                       1
   b - Shroud of Golubria             Charms/Translocation         2
   c - Song of Slaying                Charms                       2
   d - Spectral Weapon                Hexes/Charms                 3
   e - Regeneration                   Charms/Necromancy            3
Comestibles
 i - 3 royal jellies
 z - a meat ration
 E - a bread ration
 N - 4 fruits


   Skills:
 + Level 2.2 Fighting
 + Level 1.6(2.5) Short Blades
 + Level 2.6(2.9) Long Blades
 + Level 2.1 Armour
 + Level 2.5 Dodging
 + Level 0.6 Shields
 + Level 2.1 Spellcasting
 + Level 3.8 Charms


You had 7 spell levels left.
You knew the following spells:

 Your Spells              Type           Power        Failure   Level  Hunger
a - Infusion              Chrm           ##..         7%          1    #......


Dungeon Overview and Level Annotations

Branches:
Dungeon (4/15)
 Temple: D:4-7

Altars:
Sif Muna


Innate Abilities, Weirdness & Mutations

You have razor-sharp teeth.
You have supernaturally acute eyesight. (SInv)
You can survive without breathing.


Message History

The orc priest mumbles some strange prayers to Beogh against you.
Pain shoots through your body!
You closely miss the orc priest. The orc priest hits you with a whip.
* * * LOW HITPOINT WARNING * * *
You hit the orc priest. You drain the orc priest!
The orc priest is moderately wounded.
The orc priest calls down the wrath of Beogh upon you.
Pain shoots through your body!
* * * LOW HITPOINT WARNING * * *
You barely miss the orc priest.
The orc priest is moderately wounded.
The orc priest hits you with a whip.
* * * LOW HITPOINT WARNING * * *
You hit the orc priest.
The orc priest is heavily wounded.
You closely miss the orc priest.
The orc priest is heavily wounded.
The orc priest calls down the wrath of Beogh upon you.
Beogh smites you!
You die...

#.#'## #.#.####
#.#....#
##+#...##
#....#รท##
#....#^.## +
#....###.# ##...
#....###'#......
#.....@.........
#.....o....#+###
#..........#
#............#
####......####
#......#
#......#
#<...(..


You could see an orc priest.

Vanquished Creatures
  5 adders
  2 oozes (D:1)
  An adder skeleton (D:4)
  3 worms
  A dart slug (D:1)
  4 leopard geckos
  4 orcs
  8 bats
  3 giant cockroaches (D:1)
  8 goblins
  9 hobgoblins
  A ball python (D:3)
  2 frilled lizards
  7 kobolds
  9 rats
67 creatures vanquished.

Notes
Turn   | Place    | Note
-------+----------+-------------------------------------------
     0 | D:1      | CotterCat the Vampire Skald began the quest for the Orb.
     0 | D:1      | Reached XP level 1. HP: 16/16 MP: 3/3
   166 | D:1      | Reached XP level 2. HP: 10/22 MP: 5/5
   833 | D:1      | Reached skill level 1 in Armour
  1193 | D:1      | Reached XP level 3. HP: 22/27 MP: 6/6
  2358 | D:2      | Reached XP level 4. HP: 33/33 MP: 7/7
  2398 | D:2      | Reached skill level 1 in Short Blades
  3477 | D:3      | Found a deep blue altar of Sif Muna.
  3519 | D:3      | Became a worshipper of Sif Muna the Loreminder
  4496 | D:4      | Reached XP level 5. HP: 35/38 MP: 8/8
  4519 | D:4      | Killed from afar by an orc priest

Vault maps used:
D:1:      onia_arrival_pentagram, minmay_unequal
D:3:      nicolae_overflow_crystal_walls
D:4:      okawaru_altar_gauntlet_db

Skill      XL: |  1  2  3  4 |
---------------+-------------+-----
Fighting       | 2 |  2.2
Armour         | 1 2 |  2.1
Short Blades   | 1 |  1.6
Long Blades    | |  2.6
Dodging        | |  2.5
Shields        | |  0.6
Spellcasting   | |  2.1
Charms         | |  3.8

Action                   |  1- 3 |  4- 6 || total
-------------------------+-------+-------++-------
Melee: Falchion          |    96 |       ||    96
       Bite              |     6 |     9 ||    15
       Dagger            |    49 |    96 ||   145
 Abil: End Transformatio |       |     1 ||     1
       Bat Form          |       |     1 ||     1
  Use: Potion            |     5 |     6 ||    11
Armor: Chain mail        |   106 |    40 ||   146
       Leather armour    |     2 |       ||     2
Dodge: Dodged            |    41 |    22 ||    63
Block: Buckler           |     6 |    14 ||    20
       Rpst.: Falchion   |     8 |       ||     8

Table legend:
 A = Spawn XP
 B = Non-spawn XP
 C = Spawn XP percentage of total XP
 D = Spawn monster count
 E = Non-spawn monster count
 F = Spawn count percentage of total count
 G = Total turns spent on level
                    A         B        C        D         E        F      G
               +---------+---------+-------+---------+---------+-------+---------
         Total |      55 |     147 |  27.2 |      11 |      56 |  16.4 |  4519
               +---------+---------+-------+---------+---------+-------+---------
           D:1 |       8 |      47 |  14.5 |       4 |      21 |  16.0 |  1895
           D:2 |      30 |      31 |  49.2 |       4 |      14 |  22.2 |   804
           D:3 |      17 |      55 |  23.6 |       3 |      17 |  15.0 |  1722
           D:4 |       0 |      14 |   0.0 |       0 |       4 |   0.0 |    98
               +---------+---------+-------+---------+---------+-------+---------
